cohdb
Replays
Latest Replays
All Replays
Popular Replays
Top Player Replays
Match Explorer
How It Works
Community
CoH3 Stats
Reddit
Sign in to upload your games and track your stats! →
Sign in with Steam
Match 44837148
Unlisted
Match 44837148
Overview
Messages
Build Orders
End
Royal Engineer Section
Construct Section Command Post
Infantry Section
Infantry Section
Construct Field Infirmary
Construct Platoon Command Post
Selects Heavy Armor Battlegroup
ML 3-inch Mortar Team
ML 3-inch Mortar Team
ML 3-inch Mortar Team
Royal Engineer Section
Construct Company Command Post
Sasogu
AngellegnA
mirage200035
lplp4943718
叶青
Naiiz
pepsi922
Ciallo~(∠・ω<)⌒☆
0
0
Comments
sign in to comment!
No comments posted yet!